 Dungeon Crawl Stone Soup version 0.30-a0-23-ge60ba3568b (webtiles) character file.

Game seed: 11146664897271392763

301 iguanaiguana the Chiller (level 6, -1/78 HPs)
             Began as a Meteoran Ice Elementalist on Aug 24, 2022.
             Slain by a gnoll
             ... wielding a +0 spear
              (4 damage)
             ... on level 3 of the Dungeon.
             The game lasted 00:08:05 (817 turns).

iguanaiguana the Chiller (Meteoran Ice Elementalist) Turns: 817, Time: 00:08:06

Health: -1/78      AC:  3    Str: 10    XL:     6   Next: 97%
Magic:  7/11       EV: 12    Int: 18    God:
Gold:   48         SH:  0    Dex: 15    Spells: 3/10 levels left

rFire   . . .      SeeInvis .    g - +4 short sword
rCold   . . .      Faith    .    (no shield)
rNeg    . . .      Spirit   .    l - +0 leather armour
rPois   .          Reflect  .    (no helmet)
rElec   .          Harm     .    (no cloak)
rCorr   .          Rampage  .    (no gloves)
Will    .....                    (no boots)
Stlth   ..........               (no amulet)
HPRegen 0.23/turn                (no ring)
MPRegen 0.12/turn                (no ring)

@: berserking, glowing, very quick
A: sense surroundings 1, otherworldly, glowing, explore regen
a: no special abilities


You were on level 3 of the Dungeon.
You visited 1 branch of the dungeon, and saw 4 of its levels.

You collected 48 gold pieces.

Inventory:

Hand Weapons
 g - a +4 short sword (weapon)
Armour
 a - a +0 robe
 d - the +1 pair of boots of Wu Jian's Benevolence {rPois Will+}
   (You acquired it on level 3 of the Dungeon)

   rPois:     It protects you from poison.
   Will:      It increases your willpower.
 f - an orb of mayhem
 l - a +0 leather armour (worn)


   Skills:
 + Level 4.0 Fighting
 - Level 2.4 Dodging
 - Level 1.4 Stealth
 - Level 2.6 Spellcasting
 - Level 7.0 Ice Magic


You had 3 spell levels left.
You knew the following spells:

 Your Spells              Type           Power      Damage    Failure   Level
a - Freeze                Ice            100%       1d11      1%          1
b - Frozen Ramparts       Ice            54%        1d9       3%          3
c - Ozocubu's Armour      Ice            27%        N/A       3%          3

Your spell library contained the following spells:

 Spells                   Type           Power      Damage    Failure   Level
 Hailstorm                Conj/Ice       15%        3d5       47%         4


Dungeon Overview and Level Annotations

Branches:
Dungeon (4/15) Zot: 1582
 Temple: D:4-7

Altars:

Annotations:
D:2 exclusion: downstairs


Innate Abilities, Weirdness & Mutations

You passively map a small area around you.
You are easily found by Zot.
You glow in the dark.
You regain HP and MP as you explore.


Message History

* * * LOW HITPOINT WARNING * * *
x2 The wall freezes the gnoll.
You kill the gnoll!
The wall freezes the gnoll sergeant.
Your Fighting skill increases to level 4!
The wall freezes the gnoll sergeant.
The wall freezes the gnoll.
The wall freezes the gnoll.
The gnoll sergeant hits you from afar with a +5 vorpal spear.
* * * LOW HITPOINT WARNING * * *
x2 It was a potion of curing.
You feel better.
The frozen ramparts melt away.
The gnoll sergeant hits you from afar with a +5 vorpal spear.
* * * LOW HITPOINT WARNING * * *
x2
Casting: Frozen Ramparts (dangerous; 3% risk of failure)
Confirm with . or Enter, or press ? or * to list all spells.
Casting: Frozen Ramparts (dangerous; 3% risk of failure)
Press: ? - help, Dir - look around, f - activate The walls around you are covered in ice.
The wall freezes the gnoll.
It was a potion of berserk rage.
A red film seems to cover your vision as you go berserk!
You feel yourself moving faster!
You feel mighty!
The wall freezes the gnoll sergeant.
The gnoll sergeant hits you from afar with a +5 vorpal spear!
* * * LOW HITPOINT WARNING * * *
x2 Your icy armour and frozen ramparts will break if you move.
Continue?
Your icy armour cracks and falls away as you move.
The frozen ramparts melt away as you move.
You feel a strong urge to attack something. a +0 club; a +0 dagger; a +0 robe of willpower You are too berserk!
You hit the gnoll sergeant.
The gnoll sergeant is almost dead.
The gnoll hits you from afar with a +0 spear.
* * * LOW HITPOINT WARNING * * *
The gnoll sergeant hits you with a +5 vorpal spear!
* * * LOW HITPOINT WARNING * * *
x2 You hit the gnoll sergeant.
You kill the gnoll sergeant!
The gnoll hits you from afar with a +0 spear.
You die...

',,,,,,,',,+,,,,,,,+,,,,*+***~~,,
***######''#####****,,,,*,*,~~~,,
*,,............,,,,*,,,,*,*,~~~,,
*,,.......g...,,,,,******,*,~~~,,
',,,.....ogg.,,,,,,+,,,,+,*,~~~,,
',,,,,...g.g,,,,,,,+,,,,+,*,~~~,,
#******##''##*****#######,*,~~~,,
)#######...g#######..#..#,*,~~~,,
)).†)..'...ogog)@.'..'..#,*,~~~,,
)#######....#######..#..#+***~~,,
########''''####**#######,,,*~~,,
................,,,,,,,,*,,,*~~,,
~~~~≈~~~....~~~~~~~~~~~~*****~~,,
≈≈≈≈~≈≈~....~≈≈≈≈~~~~~~~~~~~~~~,,
≈~~~~≈~~....~~~≈~~~~~~~~~~~~~~~,,
.................,,,,,,,,,,,,,,,,
#####.......####*,,,,,********,**


You could see 3 gnolls and 2 orcs.

Vanquished Creatures
  An ogre (D:3)
  A gnoll sergeant (D:3)
  An orc wizard (D:3)
  Natasha (D:3)
  3 adders
  9 gnolls (D:3)
  A worm (D:3)
  7 orcs (D:3)
  6 ball pythons
  An endoplasm (D:2)
  2 giant cockroaches (D:3)
  2 goblins (D:2)
  2 hobgoblins
  7 jackals
  A quokka (D:2)
  3 bats
48 creatures vanquished.

Vanquished Creatures (others)
  19 plants (D:3)
19 creatures vanquished.

Grand Total: 67 creatures vanquished

Notes
Turn   | Place    | Note
-------+----------+-------------------------------------------
     0 | D:1      | iguanaiguana the Meteoran Ice Elementalist began the quest
                  | for the Orb.
     0 | D:1      | Reached XP level 1. HP: 14/14 MP: 5/5
   150 | D:3      | Reached XP level 2. HP: 20/20 MP: 3/6
   173 | D:3      | Noticed an ogre
   273 | D:2      | Reached skill level 5 in Ice Magic
   280 | D:2      | Reached XP level 3. HP: 23/26 MP: 1/8
   284 | D:2      | Learned a level 3 spell: Frozen Ramparts
   288 | D:2      | Learned a level 3 spell: Ozocubu's Armour
   513 | D:3      | Noticed Natasha
   521 | D:3      | Killed Natasha
   522 | D:3      | Reached XP level 4. HP: 33/33 MP: 3/9
   610 | D:3      | Killed an ogre
   611 | D:3      | Reached skill level 7 in Ice Magic
   611 | D:3      | Reached XP level 5. HP: 37/38 MP: 1/10
   687 | D:3      | Reached skill level 1 in Fighting
   688 | D:3      | Reached XP level 6. HP: 29/47 MP: 3/11
   791 | D:3      | Identified a scroll of acquirement
   791 | D:3      | Acquired the +1 pair of boots of Wu Jian's Benevolence
                  | {rPois Will+}
   816 | D:3      | HP: 3/78 [gnoll sergeant/+5 vorpal spear (3)]
   817 | D:3      | Slain by a gnoll

Illustrated notes

Levels and vault maps discovered:
D:1:      matt_arrival_los_fun, layout_basic, ebering_ecumenical_altar_rust,
          minmay_tall_x
D:2:      minmay_alternating_diamond, layout_basic
D:3:      lemuel_castle_with_subvaults [lemuel_castle_interior_original],
          layout_loops_corners, nicolae_grassy_gnolls, uniq_sigmund,
          uniq_natasha
D:4:      layout_basic, uniq_ijyb, uniq_edmund, uniq_menkaure

Skill      XL: |  1  2  3  4  5  6 |
---------------+-------------------+-----
Ice Magic      | 5 7 |  7.0
Fighting       | 1 4 |  4.0
Dodging        | |  2.4
Stealth        | |  1.4
Spellcasting   | |  2.6

Action                   |  1- 3 |  4- 6 || total
-------------------------+-------+-------++-------
Melee: Short sword       |     1 |    10 ||    11
 Cast: Freeze            |    22 |    10 ||    32
       Frozen Ramparts   |     1 |     9 ||    10
       Ozocubu's Armour  |       |     4 ||     4
  Use: Scroll            |       |     4 ||     4
       Potion            |       |     4 ||     4
Armor: Robe              |     3 |    12 ||    15
       Leather armour    |       |     7 ||     7
Dodge: Dodged            |    13 |    28 ||    41

Table legend: (Time is in decaauts)
 A = Elapsed time spent in this place.
 B = Non-inter-level travel time spent in this place.
 C = Inter-level travel time spent in this place.
 D = Time resting spent in this place.
 E = Time spent auto-exploring this place.
 F = Levels seen in this place.
 G = Mean time per level.
                   A        B        C        D        E       F      G
               +--------+--------+--------+--------+--------+-----+--------+
         Total |    816 |    284 |    532 |      0 |      0 |   4 |  204.0 |
       Dungeon |    816 |    284 |    532 |      0 |      0 |   4 |  204.0 |
               +--------+--------+--------+--------+--------+-----+--------+

Top non-repeatable levels by time:
     D:3: 471 daAuts
     D:2: 267 daAuts
     D:1: 58 daAuts
     D:4: 19 daAuts
